 Dungeon Crawl Stone Soup version 0.20.0-10-g0535bb4 (webtiles) character file.

128 Kriby the Chopper (level 5, -3/47 HPs)
             Began as a Hill Orc Fighter on June 5, 2017.
             Slain by a gnoll
             ... wielding a +0 halberd
              (8 damage)
             ... on level 2 of the Dungeon.
             The game lasted 00:00:56 (1708 turns).

Kriby the Chopper (Hill Orc Fighter)                Turns: 1708, Time: 00:00:56

Health: -3/47      AC:  8    Str: 20    XL:     5   Next: 11%
Magic:  5/5        EV:  7    Int:  8    God:
Gold:   69         SH:  9    Dex: 10    Spells: 4/4 levels left

rFire    . . .     SeeInvis .   a - +0 war axe
rCold    . . .     Gourm    .   c - +0 shield
rNeg     . . .     Faith    .   b - +0 scale mail
rPois    .         Spirit   .   (no helmet)
rElec    .         Reflect  .   n - +0 cloak
rCorr    .         Harm     .   (no gloves)
MR       .....                  (no boots)
Stlth    ..........             (no amulet)
Regen    0.2/turn               (no ring)
MPRegen  0.1/turn               (no ring)

@: no status effects
A: no striking features
a: no special abilities


You were on level 2 of the Dungeon.
You were not hungry.

You visited 1 branch of the dungeon, and saw 2 of its levels.

You collected 69 gold pieces.

Inventory:

Hand Weapons
 a - a +0 war axe (weapon)
Armour
 b - a +0 scale mail (worn)
 c - a +0 shield (worn)
 n - a +0 cloak (worn)
Scrolls
 g - a scroll of fear {unknown}
 i - 3 scrolls of identify {unknown}
 j - a scroll of random uselessness {unknown}
 k - a scroll of teleportation {unknown}
 l - a scroll of enchant armour {unknown}
 m - a scroll of enchant weapon {unknown}
 p - a scroll of remove curse {unknown}
Potions
 d - a potion of might
 e - 4 potions of curing {unknown}
 o - a potion of mutation {unknown}
Comestibles
 f - a bread ration
 h - a meat ration
 q - 11 chunks of flesh


   Skills:
 + Level 4.7 Fighting
 * Level 5.9 Axes
 - Level 3.2 Armour
 - Level 3.2 Shields


You had 4 spell levels left.
You didn't know any spells.

Dungeon Overview and Level Annotations

Branches:
Dungeon (2/15)

Altars:


Message History

You are too injured to fight recklessly!
You are too injured to fight recklessly!
You are too injured to fight recklessly!
You are too injured to fight recklessly!
You are too injured to fight recklessly!
You are too injured to fight recklessly!
You are too injured to fight recklessly!
You are too injured to fight recklessly!
You are too injured to fight recklessly!
You are too injured to fight recklessly!
You are too injured to fight recklessly!
You are too injured to fight recklessly!
You hit the gnoll.
You kill the gnoll!
The gnoll hits you from afar with a halberd.
* * * LOW HITPOINT WARNING * * *
The gnoll closely misses you.
You see here a whip.
You hit the gnoll but do no damage. The gnoll hits you with a halberd!
You die...

#.# .... ##'## #.# ##...## #
#.# ##....รท## .# #.##
#.......## #.## #.##
...........####...#########.#.
...........'..................
###.........##.)....####..##.#.
##.......###@##.#.# #..##.##
##.....## #g# # #..##.##
##...## #.# #..##..# ##+# #.#
#..###.# #.. #..###.# #.#
#....... #.. ##...... ###
#####.# #..


You could see a gnoll.

Vanquished Creatures
  Jessica (D:2)
  Terence (D:2)
  2 gnolls (D:2)
  An adder (D:2)
  2 leopard geckos
  A giant cockroach (D:2)
  6 goblins
  9 hobgoblins
  3 jackals (D:1)
  6 kobolds
  A quokka (D:2)
  5 bats (D:2)
  A frilled lizard (D:2)
  4 rats
43 creatures vanquished.

Notes
Turn   | Place    | Note
-------+----------+-------------------------------------------
     0 | D:1      | Kriby the Hill Orc Fighter began the quest for the Orb.
     0 | D:1      | Reached XP level 1. HP: 19/19 MP: 1/1
    14 | D:1      | Reached skill level 3 in Axes
   196 | D:1      | Reached XP level 2. HP: 25/27 MP: 2/2
   802 | D:1      | Reached skill level 4 in Axes
  1112 | D:2      | Reached XP level 3. HP: 33/33 MP: 3/3
  1327 | D:2      | Noticed Jessica
  1331 | D:2      | Killed Jessica
  1403 | D:2      | Noticed Terence
  1409 | D:2      | Killed Terence
  1409 | D:2      | Reached skill level 5 in Axes
  1409 | D:2      | Reached XP level 4. HP: 41/41 MP: 4/4
  1703 | D:2      | Reached XP level 5. HP: 25/47 MP: 5/5
  1708 | D:2      | Slain by a gnoll

Skill      XL: |  1  2  3 |
---------------+----------+-----
Axes           | 3 4 5 |  5.9
Fighting       | 4 |  4.7
Armour         | |  3.2
Shields        | |  3.2

Action                   |  1- 3 |  4- 6 || total
-------------------------+-------+-------++-------
Melee: War axe           |    70 |    59 ||   129
  Eat: Chunk             |     2 |     1 ||     3
Armor: Scale mail        |    27 |    34 ||    61
Dodge: Dodged            |    15 |    21 ||    36
Block: Shield            |    30 |    24 ||    54
